 Dungeon Crawl Stone Soup version 0.29.1-15-g9cfb28693d (webtiles) character file.

Game seed: 16918293334845576553

2400 sizableburger the Insei (level 9, -3/59 (64) HPs)
             Began as an Octopode Monk on Apr 6, 2023.
             Slain by a wight
             ... wielding a +5 spear
              (10 damage)
             ... on level 7 of the Dungeon.
             The game lasted 00:16:33 (8650 turns).

sizableburger the Insei (Octopode Monk)             Turns: 8650, Time: 00:16:34

HP:   -3/59 (64)    AC:  1    Str: 12    XL:     9   Next: 46%
MP:   9/9           EV: 16    Int: 13    God:
Gold: 269           SH:  0    Dex: 16    Spells: 8/8 levels left

rFire   . . .      SeeInvis .     - Unarmed
rCold   . . .      Faith    .   (no shield)
rNeg    . . .      Spirit   .   (helmet restricted)
rPois   .          Reflect  .   s - amulet of the acrobat
rElec   .          Harm     .   (no ring)
rCorr   .          Rampage  .   (no ring)
Will    .....                   (no ring)
Stlth   +++.......              (no ring)
HPRegen 0.19/turn               (no ring)
MPRegen 0.11/turn               (no ring)
                                (no ring)
                                (no ring)

@: hasted, drained, very quick
A: almost no armour, amphibious, 8 rings, camouflage 1, gelatinous body 1,
(nimble swimmer 1), tentacles
a: no special abilities


You were on level 7 of the Dungeon.
You visited 1 branch of the dungeon, and saw 7 of its levels.

You collected 269 gold pieces.

Inventory:

Missiles
 e - 7 poisoned darts
 h - a javelin (quivered)
 l - 5 silver boomerangs
 u - 3 boomerangs
Jewellery
 r - a ring of fire
 s - an amulet of the acrobat (around mantle)
Wands
 b - a wand of flame (19)
 j - a wand of paralysis (9)
Scrolls
 c - 4 scrolls of teleportation
 d - 4 scrolls of enchant armour
Potions
 a - a potion of ambrosia
 f - 3 potions of mutation
 g - a potion of haste
 i - 2 potions of cancellation
 k - 2 potions of attraction
 m - a potion of degeneration {unknown}
 n - a potion of flight {unknown}
 o - 2 potions of magic {unknown}
 p - 2 potions of might {unknown}
 q - a potion of lignification {unknown}
 t - a potion of curing {unknown}
 v - a potion of heal wounds {unknown}


   Skills:
 - Level 7.0 Fighting
 + Level 0.9 Throwing
 - Level 6.1 Dodging
 - Level 2.6 Stealth
 + Level 7.8 Unarmed Combat
 + Level 6.1 Evocations


You had 8 spell levels left.
You didn't know any spells.
Your spell library contained the following spells:

 Spells                   Type           Power      Damage    Failure   Level
 Freeze                   Ice            0%         1d3       30%         1
 Frozen Ramparts          Ice            0%         1d1       67%         3
 Hailstorm                Conj/Ice       0%         3d3       97%         4


Dungeon Overview and Level Annotations

Branches:
Dungeon (7/15)
 Temple: D:4-7

Altars:
Ashenzari
Cheibriados
Dithmenos
Hepliaklqana
Okawaru
Ru

Shops:
D:1 *!==?   D:4 (


Innate Abilities, Weirdness & Mutations

You cannot wear most types of armour.
You are amphibious.
You can wear up to eight rings at the same time.
Your skin changes colour to match your surroundings (Stealth+).
Your rubbery body absorbs attacks. (AC +1, EV +1)
((You are camouflaged when in or above water. (Stealth+)))
You have tentacles for arms and can constrict up to eight enemies at once.


Message History

The wight is lightly damaged.
The javelin pierces through the wight but does no damage.
The javelin pierces through the wight.
The wight is lightly damaged.
The javelin pierces through the wight but does no damage.
The wight is lightly damaged.
The wight barely misses you.
The wight hits you from afar with a +5 spear!
You feel drained. The wight hits you with a +0 flail!
You feel drained.
Throw: 3 javelins
Press: ? - help, Q - select action, (/) - cycle Shift-Dir - straight line, f/p - wight
Aim: a wight, wielding a +0 falchion and wearing a +0 robe (lightly damaged, 63% to hit)
You throw a javelin. The javelin barely misses the wight.
The javelin pierces through the wight.
The wight is moderately damaged.
The javelin barely misses the wight.
The javelin pierces through the wight but does no damage.
The wight is lightly damaged.
The javelin barely misses the wight.
The wight misses you. x3
Throw: 2 javelins
Press: ? - help, Q - select action, (/) - cycle Shift-Dir - straight line, f/p - wight
Aim: a wight, wielding a +0 falchion and wearing a +0 robe (lightly damaged, 63% to hit)
You throw a javelin. The javelin barely misses the wight. x2
The javelin pierces through the wight.
The wight is moderately damaged.
The javelin pierces through the wight.
The wight is moderately damaged.
The javelin pierces through the wight.
The wight is heavily damaged.
The wight closely misses you.
The wight hits you from afar with a +5 spear!
* * * LOW HITPOINT WARNING * * *
The wight hits you with a +0 flail!
* * * LOW HITPOINT WARNING * * *
Sorry, you're not good enough to have a special ability.
Okay, then.
You feel yourself speed up.
The wight hits you from afar with a +5 spear!
You die...

### .# ..# (##
..# .(# #.# .z#
[.# #z# ..#####
#z# ###...# #z#
......# #z#
###...# #@#
##.## #.# #.#
#######.# #.#
#.......#
#.#####.#######
#.......#
#########


You could see 5 wights.

Vanquished Creatures
  Prince Ribbit (D:5)
  Grinder (D:5)
  A steam dragon (D:7)
  A water moccasin (D:6)
  Duvessa (D:5)
  2 black bears
  2 ogres
  A centaur (D:5)
  A phantom (D:5)
  2 necrophages (D:6)
  2 scorpions (D:5)
  4 wights (D:6)
  Dowan (D:5)
  5 hounds
  A jelly (D:6)
  An orc priest (D:5)
  A gnoll bouda (D:6)
  5 iguanas
  An orc wizard (D:5)
  4 gnolls
  11 adders
  A shadow imp (D:6)
  An ufetubus (D:5)
  4 worms
  2 dart slugs
  23 orcs
  8 endoplasms
  4 giant cockroaches
  4 goblins
  7 hobgoblins
  6 jackals
  11 kobolds
  4 quokkas
  14 ball pythons
  4 bats
  3 frilled lizards
  5 rats
150 creatures vanquished.

Notes
Turn   | Place    | Note
-------+----------+-------------------------------------------
     0 | D:1      | sizableburger the Octopode Monk began the quest for the
                  | Orb.
     0 | D:1      | Reached XP level 1. HP: 16/16 MP: 1/1
    63 | D:1      | Reached XP level 2. HP: 4/21 MP: 2/2
   497 | D:1      | Found Oshumuce's Magic Scroll Boutique.
   525 | D:1      | Found Gaamaila's Jewellery Emporium.
   564 | D:1      | Found Yseoluc's Assorted Antiques.
   655 | D:1      | Found Temik's Distillery.
   702 | D:1      | Reached XP level 3. HP: 16/26 MP: 3/3
   817 | D:1      | Found Byumum's Jewellery Boutique.
  1594 | D:2      | Reached XP level 4. HP: 33/33 MP: 4/4
  2275 | D:3      | Found a shadowy altar of Dithmenos.
  2351 | D:3      | Found a faded altar of an unknown god.
  2811 | D:4      | Noticed an ogre
  2813 | D:4      | Reached XP level 5. HP: 34/37 MP: 5/5
  2962 | D:3      | Found an iron altar of Okawaru.
  3272 | D:3      | Found a broken altar of Ashenzari.
  3486 | D:4      | Noticed a black bear
  3848 | D:4      | Killed an ogre
  3849 | D:4      | Reached XP level 6. HP: 15/44 MP: 6/6
  4261 | D:4      | Killed a black bear
  4262 | D:4      | Reached skill level 5 in Fighting
  4262 | D:4      | Reached skill level 5 in Unarmed Combat
  4335 | D:4      | Found Galyrr's Weapon Shop.
  4519 | D:4      | Found a sacrificial altar of Ru.
  4592 | D:4      | Reached XP level 7. HP: 50/50 MP: 7/7
  4693 | D:5      | Entered Level 5 of the Dungeon
  4724 | D:5      | Reached skill level 5 in Dodging
  5046 | D:5      | Noticed Prince Ribbit
  5054 | D:5      | Killed Prince Ribbit
  5055 | D:5      | Reached skill level 1 in Evocations
  5416 | D:5      | Reached XP level 8. HP: 36/57 MP: 8/8
  5764 | D:5      | Noticed Grinder
  5771 | D:5      | Killed Grinder
  6178 | D:5      | Noticed Duvessa
  6178 | D:5      | Noticed Dowan
  6184 | D:5      | Killed Dowan
  6195 | D:5      | Killed Duvessa
  6827 | D:6      | Reached XP level 9. HP: 56/64 MP: 9/9
  6997 | D:6      | Reached skill level 5 in Evocations
  7747 | D:6      | Found a hazy altar of Hepliaklqana.
  7747 | D:6      | Found a snail-covered altar of Cheibriados.
  8650 | D:7      | Slain by a wight

Illustrated notes

Levels and vault maps discovered:
D:1:      eino_arrival_cavern_e, layout_rooms, serial_shops, shop,
          nicolae_shop_overgrown_old_shop, nicolae_shop_waterfront,
          nicolae_shop_behind_doors, nicolae_shop_window_shopping
D:2:      layout_loops_ring, minmay_bisected
D:3:      layout_loops_ring, mainiacjoe_overflow_six_doors_small,
          mainiacjoe_overflow_concentric_impassable,
          ashenzari_conservatory_becter, hellmonk_ecumenical_altar_leap_of_faith
D:4:      layout_rooms, nicolae_ru_awakened_eye, serial_shops,
          nicolae_shop_advertising_works [nicolae_subvault_shop_adworks],
          minmay_joined_circles
D:5:      layout_loops_cross, nicolae_sextant, uniq_prince_ribbit1,
          uniq_grinder, uniq_duvessa
D:6:      layout_rooms, gammafunk_temple_overflow_wave
D:7:      layout_loops_cross, minmay_temple_entry_enclosed_plants, minivault_24,
          uniq_pikel, uniq_crazy_yiuf_cottage

Skill      XL: |  1  2  3  4  5  6  7  8  9 |
---------------+----------------------------+-----
Unarmed Combat | 4 5 6 7 |  7.8
Fighting       | 4 5 7 |  7.0
Dodging        | 4 5 6 |  6.1
Evocations     | 2 4 6 |  6.1
Throwing       | |  0.9
Stealth        | |  2.6

Action                   |  1- 3 |  4- 6 |  7- 9 || total
-------------------------+-------+-------+-------++-------
Melee: Unarmed           |    78 |   125 |   215 ||   418
       Constrict         |    17 |    29 |    46 ||    92
       Tentacles         |    11 |    33 |    66 ||   110
       Punch             |     2 |     5 |    16 ||    23
Throw: Dart              |       |     4 |    20 ||    24
       Boomerang         |       |       |     8 ||     8
       Javelin           |       |       |     5 ||     5
Evoke: Wand              |       |     5 |     4 ||     9
  Use: Scroll            |       |    10 |     3 ||    13
       Potion            |       |       |     1 ||     1
 Stab: Sleeping          |    12 |    12 |    11 ||    35
       Paralysed         |       |     6 |    17 ||    23
Armor: Skin              |     6 |     1 |     4 ||    11
Dodge: Dodged            |    43 |    74 |   151 ||   268
